 Dungeon Crawl Stone Soup version 0.22-a0-179-gb5258fd (webtiles) character file.

13 wolfsongas the Fighter (level 2, -1/36 HPs)
             Began as a Gnoll Wanderer on Feb 14, 2018.
             Slain by a gnoll
             ... wielding a +0 whip
              (5 damage)
             ... on level 2 of the Dungeon.
             The game lasted 00:01:58 (719 turns).

wolfsongas the Fighter (Gnoll Wanderer)              Turns: 719, Time: 00:01:59

Health: -1/36      AC:  5    Str: 11    XL:     2   Next: 37%
Magic:  2/2        EV:  7    Int: 15    God:
Gold:   49         SH:  8    Dex: 16    Spells: 1/1 levels left

rFire    . . .     SeeInvis .   g - -2 whip (curse)
rCold    . . .     Gourm    .   a - +0 shield
rNeg     . . .     Faith    .   l - +0 ring mail
rPois    .         Spirit   .   (no helmet)
rElec    .         Reflect  .   (no cloak)
rCorr    .         Harm     .   (no gloves)
MR       .....                  (no boots)
Stlth    +.........             (no amulet)
HPRegen  0.12/turn              (no ring)
MPRegen  0.08/turn              (no ring)

@: no status effects
A: distributed training, fangs 1, strong nose
a: no special abilities


You were on level 2 of the Dungeon.
You were not hungry.

You visited 1 branch of the dungeon, and saw 2 of its levels.

You collected 49 gold pieces.

Inventory:

Hand Weapons
 b - a +0 falchion
 g - a cursed -2 whip (weapon)
Armour
 a - a +0 shield (worn)
 l - a +0 ring mail (worn)
Potions
 c - a potion of curing
 e - a potion of mutation {unknown}
 j - 2 potions of agility {unknown}
Comestibles
 d - 2 chunks of flesh
 f - 3 rations


   Skills:
 + Level 10.3 Fighting
 + Level 4.4 Short Blades
 + Level 0.3 Long Blades
 + Level 0.3 Axes
 + Level 2.4 Maces & Flails
 + Level 0.3 Polearms
 + Level 0.3 Staves
 + Level 0.3 Slings
 + Level 0.3 Bows
 + Level 0.3 Crossbows
 + Level 0.3 Throwing
 + Level 0.3 Armour
 + Level 0.3 Dodging
 + Level 2.2 Stealth
 + Level 2.4 Shields
 + Level 0.3 Unarmed Combat
 + Level 0.3 Spellcasting
 + Level 0.2 Conjurations
 + Level 0.2 Hexes
 + Level 0.2 Charms
 + Level 0.2 Summonings
 + Level 0.2 Necromancy
 + Level 0.2 Translocations
 + Level 0.2 Transmutations
 + Level 0.2 Fire Magic
 + Level 0.2 Ice Magic
 + Level 0.2 Air Magic
 + Level 0.2 Earth Magic
 + Level 0.2 Poison Magic
 + Level 0.4 Invocations
 + Level 0.3 Evocations


You had one spell level left.
You didn't know any spells.

Dungeon Overview and Level Annotations

Branches:
Dungeon (2/15)

Altars:


Innate Abilities, Weirdness & Mutations

Your experience applies equally to all skills.
You have very sharp teeth.
Your uncanny sense of smell can sniff out nearby items.


Message History

You are too injured to fight recklessly!
You are too injured to fight recklessly!
You are too injured to fight recklessly!
You are too injured to fight recklessly!
You are too injured to fight recklessly!
You are too injured to fight recklessly!
You are too injured to fight recklessly!
You are too injured to fight recklessly!
You are too injured to fight recklessly!
You are too injured to fight recklessly!
You hit the gnoll. You bite the gnoll, but do no damage.
The gnoll is almost dead.
The gnoll hits you.
* * * LOW HITPOINT WARNING * * *
The hobgoblin hits you.
* * * LOW HITPOINT WARNING * * *
The gnoll hits you from afar with a spear.
* * * LOW HITPOINT WARNING * * *
The gnoll hits you with a whip.
You die...

#.######
#.#####.. #)#
######.#
##.####...รท..#
#............#
..####.####.# .
#)# #.#
#...####.# #.#
.....gg@.# #.#
.....rgg.......
.....########.#
#... ##) #


You could see 3 gnolls, a hobgoblin and a rat.

Vanquished Creatures
  A dart slug (D:1)
  A leopard gecko (D:1)
  3 bats
  2 goblins
  A ball python (D:1)
  2 kobolds
  A rat (D:1)
11 creatures vanquished.

Notes
Turn   | Place    | Note
-------+----------+-------------------------------------------
     0 | D:1      | Reached skill level 10 in Fighting
     0 | D:1      | wolfsongas the Gnoll Wanderer began the quest for the Orb.
     0 | D:1      | wolfsongas set off with: a +0 shield, a +0 falchion, a potion of curing, a +0 robe, a ration
     0 | D:1      | Reached XP level 1. HP: 28/28 MP: 1/1
   341 | D:1      | Reached XP level 2. HP: 34/36 MP: 2/2
   719 | D:2      | Slain by a gnoll

Vault maps used:
D:1:      tarquinn_simple_flora_water_c
D:2:      uniq_natasha

Skill      XL: | |
---------------+-+-----
Fighting       | | 10.3
Short Blades   | |  4.4
Long Blades    | |  0.3
Axes           | |  0.3
Maces & Flails | |  2.4
Polearms       | |  0.3
Staves         | |  0.3
Slings         | |  0.3
Bows           | |  0.3
Crossbows      | |  0.3
Throwing       | |  0.3
Armour         | |  0.3
Dodging        | |  0.3
Stealth        | |  2.2
Shields        | |  2.4
Unarmed Combat | |  0.3
Spellcasting   | |  0.3
Conjurations   | |  0.2
Hexes          | |  0.2
Charms         | |  0.2
Summonings     | |  0.2
Necromancy     | |  0.2
Translocations | |  0.2
Transmutations | |  0.2
Fire Magic     | |  0.2
Ice Magic      | |  0.2
Air Magic      | |  0.2
Earth Magic    | |  0.2
Poison Magic   | |  0.2
Invocations    | |  0.4
Evocations     | |  0.3

Action                   || total
-------------------------++-------
Melee: Whip              ||    42
       Falchion          ||     1
       Bite              ||     5
  Use: Scroll            ||     2
 Stab: Sleeping          ||     3
Armor: Robe              ||     2
       Ring mail         ||     8
Dodge: Dodged            ||    14
Block: Shield            ||    22
       Rpst.: Falchion   ||     1

Table legend:
 A = Spawn XP
 B = Non-spawn XP
 C = Spawn XP percentage of total XP
 D = Spawn monster count
 E = Non-spawn monster count
 F = Spawn count percentage of total count
 G = Total turns spent on level
                    A         B        C        D         E        F      G
               +---------+---------+-------+---------+---------+-------+---------
         Total |       0 |      19 |   0.0 |       0 |      11 |   0.0 |   719
               +---------+---------+-------+---------+---------+-------+---------
           D:1 |       0 |      15 |   0.0 |       0 |       8 |   0.0 |   665
           D:2 |       0 |       4 |   0.0 |       0 |       3 |   0.0 |    54
               +---------+---------+-------+---------+---------+-------+---------
